 Dungeon Crawl Stone Soup version 0.17.3-4-g93a25c67f4 (webtiles) character file.

99923 IanMuMerson the Martial Artist (level 15, -31/123 HPs)
             Began as a Mummy Monk on Jan 17, 2024.
             Annihilated by an enormous slime creature (45 damage)
             ... on level 15 of the Dungeon on Jan 18, 2024.
             The game lasted 01:43:23 (62229 turns).

IanMuMerson the Martial Artist (Mummy Monk)        Turns: 62229, Time: 01:43:23

Health: -31/123    AC: 16    Str: 15    XL:     15   Next: 79%
Magic:  15/15      EV: 28    Int: 10    God:
Gold:   1292       SH: 13    Dex: 23    Spells: 0 memorised, 14 levels left

rFire  x . .     SeeInvis .       - Unarmed
rCold  + . .     Clarity  .     (no armour)
rNeg   + + +     SustAt   .     k - +0 shield
rPois  ∞         Gourm    .     F - +2 helmet
rElec  .         Spirit   .     c - +2 cloak
rCorr  .         Warding  .     j - +2 pair of gloves {Dex+3}
rMut   .         Stasis   .     t - +2 pair of boots
MR     +....                    (no amulet)
Stlth  +++.......               u - +4 ring of evasion
                                o - +4 ring of protection

@: studying Ice Magic, somewhat resistant to hostile enchantments, fairly
stealthy
A: no food or potions, fire vulnerability, cold resistance 1, negative energy
resistance 3, torment resistance, unbreathing, in touch with death 1, restore
body
a: Self-Restoration


You were on level 15 of the Dungeon.
You were not hungry.

You visited 4 branches of the dungeon, and saw 28 of its levels.
You also visited: Ice Cave.

You collected 2721 gold pieces.
You spent 1429 gold pieces at shops.


Innate Abilities, Weirdness & Mutations

You do not eat or drink.
Your flesh is vulnerable to fire.
You are immune to poison.
Your flesh is cold resistant.
You are immune to negative energy.
You are immune to unholy pain and torment.
You can survive without breathing.
You are in touch with the powers of death.
You can restore your body by infusing magical energy.


   Skills:
 - Level 13.0 Fighting
 - Level 12.3 Dodging
 - Level 2.8 Stealth
 + Level 11.4 Shields
 - Level 14.0 Unarmed Combat


You had 14 spell levels left.
You didn't know any spells.

Inventory:

Missiles
 x - 11 large rocks (quivered) {Ruk}
Armour
 c - a +2 cloak (worn)
 j - a +2 pair of gloves of dexterity (worn)
 k - a +0 shield (worn)
 t - a +2 pair of boots (worn)
 F - a +2 helmet (worn)
 H - a +2 cloak
 K - a +0 large shield
 P - the cursed +0 helmet of Repulsion {+Fly rElec rPois rC+}

   It protects you from cold.
   It insulates you from electricity.
   It protects you from poison.
   It lets you fly.
   It has a curse placed upon it.
Jewellery
 g - an uncursed amulet of stasis {unknown}
 l - an uncursed ring of ice
 m - an uncursed ring of teleportation
 o - a +4 ring of protection (left hand)
 q - the ring of Imaytuk {Int+3 SInv}

   [ring of see invisible]

   It affects your intelligence (+3).
   It lets you see invisible.
 u - a +4 ring of evasion (right hand)
 v - an uncursed ring of see invisible
 y - an uncursed amulet of the gourmand {unknown}
 A - an uncursed ring of poison resistance
 N - an uncursed ring of protection from fire
 O - an uncursed ring of protection from magic
 Q - an uncursed ring of sustain attributes
Scrolls
 a - 6 scrolls of recharging
 b - 2 scrolls of fear
 d - 5 scrolls of magic mapping
 e - 11 scrolls of remove curse
 f - 3 scrolls of noise {!r}
 h - 2 scrolls of enchant armour
 i - 3 scrolls of blinking {!r}
 p - 5 scrolls of amnesia
 r - 2 scrolls of enchant weapon
 w - 3 scrolls of random uselessness
 z - 7 scrolls of teleportation {@r4 !r}
 B - a scroll of fog
 C - 2 scrolls of vulnerability {!r}
 G - 2 scrolls of torment
 I - a scroll of holy word {!r}
 J - a scroll of summoning
 L - a scroll of brand weapon
 M - 2 scrolls of identify {@r1}
Books
 D - a manual of Ice Magic {!d}
 E - a manual of Ice Magic {!d}
Comestibles
 n - 43 fruits
 s - 3 royal jellies

Dungeon Overview and Level Annotations

Branches:
Dungeon (15/15)            Temple (0/1) D:7            Lair (8/8) D:10
 Shoals (0/4) Lair:5        Snake (1/4) Lair:3        Slime (0/6) Lair:7
    Orc (4/4) D:12            Elf (0/3) Orc:4        Vaults (0/5) D:13
 Depths: D:15

Altars:
Ashenzari
Elyvilon
Fedhas
Makhleb
Okawaru
Qazlal
Ru
Trog
Zin
Beogh

Shops:
D:4 :}:   Orc:2 *   Orc:3 =   Orc:4 *=*(=

Annotations:
D:6 Free Halo
D:9 Blork the orc, Sonja
D:14 2 runed doors, exclusion: 2 doors
Lair:1 exclusion: hydra
Lair:2 exclusions: 3 oklob plants and upstairs
Lair:4 exclusion: hydra, Snorg
Lair:5 yaks 6 legs
Lair:6 exclusion: hydra
Lair:7 FIRE
Lair:8 8 legs
Orc:3 WWW

▒..........▒▒
▒........▒▒▒
▒........▒
▒........▒
▒▒▒▒▒▒▒▒.▒ ▒ ▒▒▒▒
▒▒▒▒.▒ .. ..▒
▒▒....▒ .▒ ▒.▒
▒.....▒ ▒▒▒
.▒▒▒.▒▒▒▒▒▒▒.▒▒▒M▒
▒▒..▒
.▒▒......(...▒ ▒J▒
▒▒▒.J..▒▒▒▒
.▒▒..▒▒▒▒▒▒▒.▒▒▒.▒
▒....J..'.▒
......▒ ▒.....▒
..▒....▒▒J▒
..▒...▒ ▒▒▒▒..▒
▒▒..▒▒▒J▒ ......▒
▒▒.▒ ▒▒▒▒...▒
▒.▒.▒.▒ ▒.▒ ▒.▒▒▒
▒.▒.▒.▒ ▒.▒ ▒..▒
▒.▒.▒.▒ ▒▒'▒▒ ▒▒.▒


You could see an enormous slime creature.


Message History

The slime creature is lightly wounded!
Two slime creatures merge to form a large slime creature!
You squash the large slime creature like an ant!
The large slime creature is lightly wounded!
You pound the large slime creature into fine dust!!!
The large slime creature is lightly wounded!
You block the large slime creature's attack!
You barely miss the large slime creature!
The large slime creature is lightly wounded!
Two slime creatures merge to form an enormous slime creature!
You pound the enormous slime creature into fine dust!!!
The enormous slime creature is lightly wounded!
You barely miss the enormous slime creature!
The enormous slime creature is lightly wounded!
You completely miss the enormous slime creature!
The enormous slime creature is lightly wounded!
The enormous slime creature hits you!!!!!!!!!
You hear a shout!!!
You take 49 damage, and have 74/123 hp!
MASSIVE DAMAGE!!!!!!
You pound the enormous slime creature into fine dust!!!
The enormous slime creature is moderately wounded!
The enormous slime creature hits you!!!!!!!!!
DANG * * * don't die
* * * You take 66 damage, and have 8/123 hp!
MASSIVE DAMAGE!!!!!!
There is an open door here!
A centaur warrior comes into view!
There is an open door here!
The enormous slime creature hits you!!!!!!!!! rip

Action                   |  1- 3 |  4- 6 |  7- 9 | 10-12 | 13-15 || total
-------------------------+-------+-------+-------+-------+-------++-------
Melee: Unarmed           |   184 |   335 |   705 |  1811 |  3566 ||  6601
  Use: Scroll            |       |     9 |     5 |     5 |    11 ||    30
 Stab: Sleeping          |     6 |     6 |     9 |     8 |    24 ||    53
       Distracted        |     4 |     2 |     1 |     3 |     5 ||    15

Vault maps used:
D:1:      dpeg_arrival_caged_fury
D:2:      nicolae_ru_awakened_eye
D:3:      fedhas_altar_3
D:4:      corexii_shack_village, first_bread, serial_shops, shop, shop,
          kennysheep_mini, dk_vineyard_1
D:6:      hangedman_decor_clover_reticule, st_stairs_3, lemuel_angel_altar
D:7:      minmay_temple_entry_butterflies
D:8:      lemuel_doored_altar, ashenzari_conservatory_becter,
          nicolae_qazlal_style_of_elements, grunt_livestock
D:9:      minmay_twisted_water, marbit_many_paths, tgw_sif, minivault_25
D:10:     erik_lair_dragon, uniq_sonja
D:11:     roderic_lattice_a, zaba_antful_of_joy, uniq_harold
D:12:     david_orc_2, basic_altar, roderic_curled_sauvastika, minivault_19
D:13:     david_vaults_1, uniq_nessos
D:14:     minmay_wizard_corner, lightli_elemental_guards
D:15:     gammafunk_enter_depths_forms
Lair:1:   grunt_megastairs_2, lemuel_fruit_tree, infiniplex_staircase_pool
Lair:2:   dpeg_oklob_gauntlet, eino_house_with_fridge
Lair:3:   boulder_dual_corridor_run, guppyfry_snake_entry_garden,
          portal_ice_cave_entry_pillars_03, nicolae_quartered_pool_medium,
          beast_lair_carwin_3, serial_bayou_shore_a, uniq_urug
Lair:4:   basic_altar, st_stairs_6, grunt_megastairs_3, uniq_snorg
Lair:5:   minmay_shoals_entry_centaurs, lemuel_fruit_fields, lemuel_fruit_fields
Lair:6:   patterned_corridor, grunt_megastairs_4
Lair:7:   dpeg_slime_entry_corner, minivault_23
Lair:8:   evilmike_catoblepas_cave, pond
Snake:1:  uniq_louise, uniq_aizul, uniq_kirke, uniq_nikola
Orc:1:    lemuel_statue_altar
Orc:2:    serial_shops, nicolae_shop_crystal
Orc:3:    serial_shops, shop, nicolae_orc_pool_cavern, uniq_maurice
Orc:4:    st_orc_pillars, serial_shops, nicolae_shop_window_shopping
IceCv:    ice_cave_small_necro

Notes
Turn   | Place    | Note
--------------------------------------------------------------
     0 | D:1      | IanMuMerson the Mummy Monk began the quest for the Orb.
     0 | D:1      | Reached XP level 1. HP: 18/18 MP: 1/1
     7 | D:1      | Found a runed door.
     7 | D:1      | Noticed a jelly
   251 | D:1      | Reached XP level 2. HP: 18/24 MP: 2/2
   961 | D:1      | Reached skill level 4 in Unarmed Combat
  1328 | D:2      | Reached XP level 3. HP: 18/29 MP: 3/3
  3105 | D:2      | Reached XP level 4. HP: 21/35 MP: 4/4
  3621 | D:2      | Found a sacrificial altar of Ru.
  3651 | D:2      | HP: 3/35 [adder (4)]
  3652 | D:2      | Reached skill level 5 in Unarmed Combat
  3660 | D:2      | HP: 1/35 [giant newt (3)]
  4596 | D:3      | Found a blossoming altar of Fedhas.
  5062 | D:4      | Found Qywavoh's Gadget Boutique.
  5077 | D:4      | Reached XP level 5. HP: 22/41 MP: 5/5
  5276 | D:4      | Noticed an ogre
  5486 | D:4      | Reached skill level 4 in Fighting
  5711 | D:4      | Found Janoch's Book Emporium.
  5770 | D:4      | Noticed a phantom
  6499 | D:4      | Noticed an ogre
  6507 | D:5      | Entered Level 5 of the Dungeon
  6673 | D:5      | Noticed an ice beast
  6697 | D:5      | seriously?
  6778 | D:5      | Reached skill level 5 in Fighting
  6778 | D:5      | Reached XP level 6. HP: 34/51 MP: 6/6
  7033 | D:5      | Noticed an ogre
  7178 | D:5      | Reached skill level 3 in Dodging
  8011 | D:3      | Killed a phantom
  8011 | D:3      | Reached XP level 7. HP: 29/56 MP: 7/7
  8279 | D:4      | Noticed a centaur
  8291 | D:4      | Killed a centaur
  8511 | D:4      | huh
  8521 | D:4      | Noticed an ogre
  8602 | D:4      | Killed an ogre
  8602 | D:4      | Reached skill level 6 in Unarmed Combat
  8695 | D:4      | Found Kuog's Book Emporium.
  9020 | D:4      | HP: 5/56 [gnoll sergeant/spear of flaming (3)]
 10436 | D:4      | Killed an ogre
 10436 | D:4      | Reached skill level 6 in Fighting
 10564 | D:4      | Reached skill level 4 in Dodging
 10791 | D:4      | Killed an ogre
 10791 | D:4      | Reached XP level 8. HP: 25/64 MP: 8/8
 11215 | D:4      | Found Qywavoh's Gadget Boutique.
 11393 | D:4      | Reached skill level 5 in Dodging
 11896 | D:1      | Killed a jelly
 12041 | D:5      | Killed an ice beast
 12041 | D:5      | Reached skill level 7 in Unarmed Combat
 12367 | D:5      | Killed an ogre
 12367 | D:5      | Reached skill level 7 in Fighting
 12510 | D:6      | Found a runed door.
 12510 | D:6      | Noticed an angel
 12523 | D:6      | Found a glowing silver altar of Zin.
 13563 | D:6      | Reached XP level 9. HP: 72/72 MP: 9/9
 13579 | D:6      | Reached skill level 8 in Unarmed Combat
 14971 | D:7      | Got a slimy brass ring
 15239 | D:7      | Reached skill level 8 in Fighting
 15523 | D:7      | Identified the ring of Imaytuk {Int+3 SInv} (You found it on level 7 of the Dungeon)
 15850 | D:7      | Found a staircase to the Ecumenical Temple.
 16029 | D:8      | Found a shattered altar of Ashenzari.
 16047 | D:8      | Found a stormy altar of Qazlal.
 16152 | D:8      | Found a bloodstained altar of Trog.
 16249 | D:8      | Reached skill level 9 in Unarmed Combat
 17061 | D:8      | Reached skill level 9 in Fighting
 17075 | D:8      | Reached XP level 10. HP: 80/83 MP: 10/10
 17449 | D:7      | Reached skill level 6 in Dodging
 17915 | D:10     | Entered Level 10 of the Dungeon
 18513 | D:9      | Noticed Blork the orc
 18733 | D:10     | Noticed a hill giant
 19685 | D:4      | Found Janoch's Book Emporium.
 19826 | D:6      | Found a glowing silver altar of Zin.
 19832 | D:6      | Found a runed door.
 20280 | D:6      | Reached skill level 10 in Unarmed Combat
 20645 | D:8      | Killed a hill giant
 21110 | D:10     | Noticed Sonja
 21121 | D:10     | Reached skill level 10 in Fighting
 22610 | D:9      | Reached skill level 7 in Dodging
 22610 | D:9      | Reached XP level 11. HP: 72/90 MP: 11/11
 22929 | D:9      | Found a burning altar of Makhleb.
 23686 | D:10     | Noticed a brown ugly thing
 23788 | D:9      | Reached skill level 2 in Stealth
 24339 | D:11     | Noticed Harold
 24749 | D:11     | Noticed a queen ant
 25223 | D:11     | Reached skill level 11 in Unarmed Combat
 25953 | D:11     | Reached skill level 8 in Dodging
 27231 | D:10     | Reached skill level 1 in Shields
 27429 | D:10     | Reached skill level 2 in Shields
 27784 | D:10     | Found a staircase to the Lair.
 27833 | D:10     | you're playing it like that today huh
 27867 | Lair:1   | Entered Level 1 of the Lair of Beasts
 27873 | Lair:1   | Reached skill level 3 in Shields
 28417 | Lair:1   | Reached skill level 4 in Shields
 28583 | Lair:1   | Reached XP level 12. HP: 74/97 MP: 12/12
 28910 | Lair:1   | Reached skill level 5 in Shields
 29309 | Lair:1   | Noticed an eight-headed hydra
 29897 | Lair:2   | Reached skill level 6 in Shields
 30617 | Lair:2   | Reached skill level 7 in Shields
 31296 | Lair:1   | Reached skill level 8 in Shields
 32261 | Lair:2   | Reached skill level 9 in Shields
 32835 | Lair:3   | Found a frozen archway.
 32856 | IceCv    | Entered an ice cave
 33985 | IceCv    | Reached skill level 10 in Shields
 33985 | IceCv    | Gained mutation: You are in touch with the powers of death. [Mummy growth]
 33985 | IceCv    | Gained mutation: You can restore your body by infusing magical energy. [Mummy growth]
 33985 | IceCv    | Reached XP level 13. HP: 103/103 MP: 13/13
 34204 | IceCv    | Found an ancient bone altar of Kikubaaqudgha.
 35806 | Lair:3   | Noticed a six-headed hydra
 35934 | Lair:3   | Noticed Urug
 36416 | Lair:2   | Killed Urug
 36610 | Lair:3   | Reached skill level 9 in Dodging
 37607 | Lair:3   | Found a staircase to the Snake Pit.
 38296 | Lair:4   | Found a white marble altar of Elyvilon.
 38329 | Lair:4   | Noticed Snorg
 38838 | Lair:4   | Reached skill level 10 in Dodging
 39500 | Lair:5   | Found a staircase to the Shoals.
 40545 | Lair:4   | Reached skill level 11 in Fighting
 41781 | Snake:1  | Entered Level 1 of the Snake Pit
 42854 | Lair:6   | Reached skill level 12 in Unarmed Combat
 43458 | Lair:6   | Reached XP level 14. HP: 93/113 MP: 14/14
 43559 | Lair:7   | Reached skill level 11 in Shields
 43590 | Lair:7   | Identified a scroll of acquirement
 44867 | Lair:7   | Found a staircase to the Slime Pits.
 45024 | Lair:8   | Entered Level 8 of the Lair of Beasts
 45383 | Lair:8   | Reached skill level 11 in Dodging
 48367 | D:11     | Killed a queen ant
 48783 | D:12     | Reached skill level 13 in Unarmed Combat
 48898 | D:12     | Found a staircase to the Orcish Mines.
 49195 | D:12     | Found an iron altar of Okawaru.
 49729 | Orc:1    | Entered Level 1 of the Orcish Mines
 50185 | Orc:1    | Found a roughly hewn altar of Beogh.
 50323 | Orc:2    | Found Itoruc's Assorted Antiques.
 51450 | Orc:3    | Noticed Maurice
 51596 | Orc:2    | Killed Maurice
 51630 | Orc:3    | Found Bonotzai's Jewellery Emporium.
 51675 | Orc:3    | Bought an uncursed ring of protection from fire for 350 gold pieces
 51675 | Orc:3    | Bought an uncursed ring of protection from magic for 350 gold pieces
 51811 | Orc:4    | Entered Level 4 of the Orcish Mines
 52033 | Orc:4    | Found a staircase to the Elven Halls.
 53216 | Orc:4    | Found Ivuufeudax's Jewellery Shoppe.
 53655 | Orc:4    | HP: 8/113 [orc priest/divine providence (8)]
 55444 | Orc:4    | Reached skill level 14 in Unarmed Combat
 55666 | Orc:4    | Reached XP level 15. HP: 115/119 MP: 15/15
 57373 | Orc:4    | Found Puorph's Weapon Boutique.
 57376 | Orc:4    | Found Dumaeck's Jewellery Boutique.
 57377 | Orc:4    | Found Paeg's General Store.
 57378 | Orc:4    | Found Woffa's General Store.
 57387 | Orc:4    | Bought the cursed +0 helmet of Repulsion {+Fly rElec rPois rC+} for 432 gold pieces
 57389 | Orc:4    | Bought an uncursed ring of sustain attributes for 297 gold pieces
 57609 | D:13     | Reached skill level 12 in Fighting
 57785 | D:13     | Killed Harold
 58127 | D:13     | Noticed Nessos
 58535 | D:13     | Killed Nessos
 58618 | D:13     | Found a gate to the Vaults.
 59268 | D:14     | Reached skill level 13 in Fighting
 59363 | D:14     | Found a large runed door.
 59363 | D:14     | Found a large runed door.
 60355 | D:14     | Reached skill level 12 in Dodging
 60403 | D:14     | Got a scorched iron ring
 60407 | D:14     | Identified the ring "Xoiwkeeg" {Slay+3 SInv} (You found it on level 14 of the Dungeon)
 60549 | D:15     | Entered Level 15 of the Dungeon
 62207 | D:15     | HP: 8/123 [enormous slime creature (67)]
 62229 | D:15     | Annihilated by an enormous slime creature

Vanquished Creatures
  Nessos (D:13)
  4 hydras
  Harold (D:13)
  A catoblepas (Lair:8)
  4 centaur warriors
  A queen ant (D:11)
  9 death yaks
  Urug (Lair:2)
  5 orc high priests (Orc:4)
  2 unseen horrors
  8 wizards (D:14)
  7 ugly things
  3 hill giants
  9 orc knights
  A deep elf conjurer (D:14)
  A harpy (shapeshifter) (D:13)
  3 necromancers
  A griffon (Lair:7)
  2 cyclopes
  A manticore (D:15)
  3 orc sorcerers
  7 elephants
  Maurice (Orc:2)
  7 black mambas
  An ice statue (IceCv)
  A torpor snail (Lair:6)
  16 spiny frogs
  6 fire drakes
  11 komodo dragons
  A redback zombie (D:15)
  7 trolls
  An efreet (D:15)
  2 two-headed ogres
  10 freezing wraiths (IceCv)
  2 polar bears
  27 blink frogs
  6 slime creatures
  3 wraiths
  2 shadows
  2 wyverns
  3 deep elf magi
  2 steam dragons
  43 yaks
  9 hippogriffs
  A human (D:8)
  18 wolves
  2 basilisks
  A deep elf fighter (D:14)
  5 soldier ants (D:11)
  2 mottled dragons
  16 water moccasins
  2 wargs
  5 hungry ghosts
  A naga (Lair:6)
  A necrophage (D:11)
  14 porcupines
  47 orc warriors
  2 black bears
  21 ice beasts
  5 sky beasts
  2 phantoms
  16 centaurs
  21 ogres
  18 crocodiles
  An eye of draining (D:14)
  A gnoll sergeant (D:4)
  2 big kobolds (D:9)
  27 giant frogs
  A wyvern zombie (D:9)
  7 scorpions
  14 killer bees
  3 draconian simulacra (IceCv)
  19 wights
  13 crimson imps
  7 hounds
  7 electric eels
  3 centaur zombies
  A giant frog zombie (D:6)
  5 centaur skeletons
  43 orc priests
  6 jellies
  A quasit (D:7)
  3 yak simulacra (Lair:2)
  26 orc wizards
  17 iguanas
  5 troll simulacra (IceCv)
  7 wolf simulacra
  4 polar bear simulacra
  28 worker ants
  2 spriggan simulacra (IceCv)
  15 sheep
  5 centaur simulacra (IceCv)
  3 hound zombies
  2 naga simulacra (IceCv)
  3 ogre simulacra (IceCv)
  3 worker ant zombies
  18 adders
  45 river rats
  4 shadow imps
  9 gnolls
  12 white imps (IceCv)
  5 oozes
  2 adder zombies
  4 adder skeletons
  7 worms
  7 giant geckos
  193 orcs
  8 giant cockroaches
  9 goblins
  8 hobgoblins
  35 jackals
  8 quokkas
  4 ball pythons
  7 bats
  A giant gecko skeleton (D:4)
  7 giant newts
  2 jackal skeletons (D:5)
  24 kobolds
  A quokka zombie (D:6)
  11 rats
  A river rat simulacrum (Lair:2)
  A butterfly (Lair:5)
1155 creatures vanquished.

Vanquished Creatures (others)
  A basilisk (Lair:7)
  An orc wizard (Orc:4)
  2 river rats (Lair:8)
  An orc (Orc:4)
  A bush (Lair:5)
  26 fungi
  8 plants
40 creatures vanquished.

Grand Total: 1195 creatures vanquished
